 Dungeon Crawl Stone Soup version 0.28.0-45-g0d030f2227 (webtiles) character file.

Game seed: 14385061113497756604

40 Kaptain the Digger (level 3, -8/20 HPs)
             Began as a Deep Elf Earth Elementalist on Apr 13, 2022.
             Killed from afar by Terence (10 damage)
             ... with a puff of flame
             ... on level 2 of the Dungeon.
             The game lasted 00:03:13 (1183 turns).

Kaptain the Digger (Deep Elf Earth Elementalist)    Turns: 1183, Time: 00:03:14

Health: -8/20      AC:  6    Str:  5    XL:     3   Next: 30%
Magic:  10/10      EV: 16    Int: 21    God:
Gold:   82         SH:  0    Dex: 15    Spells: 5/9 levels left

rFire   . . .      SeeInvis .   g - +0 short sword
rCold   . . .      Faith    .   (no shield)
rNeg    + . .      Spirit   .   e - +0 leather armour
rPois   .          Reflect  .   k - +1 helmet
rElec   .          Harm     .   (no cloak)
rCorr   .          Rampage  .   (no gloves)
Will    .....                   j - +0 pair of boots
Stlth   ++........              (no amulet)
HPRegen 0.06/turn               b - ring of positive energy
MPRegen 0.12/turn               h - +4 ring of evasion

@: flying
A: no striking features
a: no special abilities


You were on level 2 of the Dungeon.
You visited 1 branch of the dungeon, and saw 2 of its levels.

You collected 82 gold pieces.

Inventory:

Hand Weapons
 g - a +0 short sword (weapon)
Missiles
 f - 3 javelins
Armour
 e - a +0 leather armour (worn)
 j - a +0 pair of boots (worn)
 k - a +1 helmet (worn)
Jewellery
 b - a ring of positive energy (left hand)
 h - a +4 ring of evasion (right hand)
Scrolls
 a - a scroll of fear {unknown}
 c - a scroll of summoning {unknown}
 d - a scroll of enchant armour {unknown}
 l - a scroll of torment {unknown}
Potions
 i - a potion of attraction {unknown}
 m - a potion of flight


   Skills:
 * Level 1.0 Fighting
 + Level 0.4 Armour
 + Level 2.7 Dodging
 - Level 2.4 Stealth
 * Level 3.5 Spellcasting
 * Level 1.1 Conjurations
 - Level 1.1 Transmutations
 * Level 3.6 Earth Magic


You had 5 spell levels left.
You knew the following spells:

 Your Spells              Type           Power      Damage    Failure   Level
a - Sandblast             Erth           36%        2d10      4%          1
b - Stone Arrow           Conj/Erth      26%        3d8       24%         3

Your spell library contained the following spells:

 Spells                   Type           Power      Damage    Failure   Level
 Passwall                 Tmut/Erth      10%        N/A       12%         2
 Petrify                  Tmut/Erth      13%        N/A       63%         4


Dungeon Overview and Level Annotations

Branches:
Dungeon (2/15)

Altars:

Annotations:
D:2 Terence


Message History

The hobgoblin barely misses you.
You hit the hobgoblin.
You kill the hobgoblin!
The frilled lizard misses you.
You miss the frilled lizard. The frilled lizard barely misses you.
You hit the frilled lizard but do no damage.
The frilled lizard bites you but does no damage.
You closely miss the frilled lizard. The frilled lizard barely misses you.
You barely miss the frilled lizard. The frilled lizard misses you.
You hit the frilled lizard but do no damage.
The frilled lizard bites you.
You hit the frilled lizard.
You kill the frilled lizard!
Terence the Incautious comes into view.
He is wielding a +0 mace, wearing a +2 chain mail of cold resistance and carrying a wand of flame (17).
Terence hits you with a +0 mace.
You hit Terence but do no damage. Terence completely misses you.
Unknown command.
You hit Terence.
Terence is lightly wounded.
Terence completely misses you.
You barely miss Terence.
Terence is lightly wounded.
Terence closely misses you. Terence completely misses you.
Unknown command.
You hit Terence but do no damage.
Terence is lightly wounded.
Terence zaps a wand.
The puff of flame hits you!
Ouch! That really hurt!
* * * LOW HITPOINT WARNING * * *
Unknown command.
Terence says, "Don't bother to defend, it's senseless."
Terence zaps a wand.
The puff of flame misses you.
Terence zaps a wand.
The puff of flame hits you.
* * * LOW HITPOINT WARNING * * *
It was a potion of flight.
You feel very buoyant.
You fly up into the air.
Terence zaps a wand.
The puff of flame hits you!
Ouch! That really hurt!
You die...

# #### # ###...
.... . #.... #..# #
#.#.# #..# # ##.#.#
#..# # ###....#
#..#### #.@....#
#..#... #.#....##
#..#.## #.##....#
#..#.#.
#@####..#####..#.>.
#.# #.............
#.# #..########...
#.# #..# #...
########.# #..#
#..# #........#
#..# #####...


You could see Terence.

Vanquished Creatures
  A worm (D:2)
  2 dart slugs
  5 endoplasms
  2 giant cockroaches
  7 hobgoblins
  4 kobolds (D:1)
  A bat (D:1)
  4 frilled lizards
  2 goblins
  4 rats (D:1)
32 creatures vanquished.

Notes
Turn   | Place    | Note
-------+----------+-------------------------------------------
     0 | D:1      | Kaptain the Deep Elf Earth Elementalist began the quest for
                  | the Orb.
     0 | D:1      | Reached XP level 1. HP: 10/10 MP: 6/6
   253 | D:1      | Reached XP level 2. HP: 16/16 MP: 6/8
   382 | D:1      | Found a faded altar of an unknown god.
   579 | D:1      | You fall into a shaft and drop 1 floor!
   663 | D:2      | Reached XP level 3. HP: 20/20 MP: 5/9
   667 | D:2      | Learned a level 3 spell: Stone Arrow
   819 | D:2      | Reached skill level 1 in Conjurations
   876 | D:2      | Reached skill level 1 in Fighting
  1169 | D:2      | Noticed Terence
  1183 | D:2      | Killed from afar by Terence

Illustrated notes

Levels and vault maps discovered:
D:1:      dpeg_arrival_rhombus, layout_rooms,
          dreamdust_ecumenical_altar_sealed_demon, minmay_pentomino_q4
D:2:      layout_loops_ring, uniq_terence

Skill      XL: |  1  2  3 |
---------------+----------+-----
Conjurations   | 1 |  1.1
Fighting       | 1 |  1.0
Armour         | |  0.4
Dodging        | |  2.7
Stealth        | |  2.4
Spellcasting   | |  3.5
Transmutations | |  1.1
Earth Magic    | |  3.6

Action                   || total
-------------------------++-------
Melee: Short sword       ||    38
 Cast: Sandblast         ||    33
       Stone Arrow       ||     1
  Use: Potion            ||     1
 Stab: Sleeping          ||     1
Armor: Leather armour    ||     5
Dodge: Dodged            ||    25
